AoeStats
← Franta Kocourek

Arabia

506193640Analyzed
1v1 RM · 21d ago on Sep 12, 2026· 50m 30s· 2 players
Game mode
Random Map
Map size
Tiny (2 player)
Population
200
Speed
Normal
Resources
Standard
Victory
Conquest
Starting age
Dark Age
Ending age
Imperial Age
RankedLock teamsTeams togetherTeam positionsShared explorationLock speedFull tech treeHidden civsTurbo modeCheats
Victory
Defeat
🇨🇿 Portuguese · Czechia
813
+16
🇦🇷 Bulgarians · Argentina
815
-16
Franta Kocourek
8:16 Loom
10:32 Feudal Age
11:04 Double-Bit Axe
23:12 Castle Age
21:52 Fletching
23:18 Horse Collar
24:13 Bow Saw
23:28 Crossbowman
24:06 Pikeman
25:08 Heavy Plow
25:10 Husbandry
27:03 Gold Mining
28:58 Forging
31:37 Bloodlines
42:24 Imperial Age
40:30 Wheelbarrow
41:06 Iron Casting
40:33 Padded Archer Armor
41:38 Hand Cart
42:31 Cavalier
45:27 Fervor
45:45 Block Printing
45:42 Circumnavigation
48:43 Blast Furnace
47:50 Scale Barding Armor
47:47 Scale Mail Armor
Tradermots
0:27 Loom
11:51 Feudal Age
15:05 Double-Bit Axe
16:27 Arson
20:37 Bloodlines
22:21 Forging
22:11 Scale Mail Armor
22:18 Scale Barding Armor
26:40 Castle Age
27:36 Gambesons
27:54 Squires
28:00 Husbandry
31:43 Wheelbarrow
31:42 Husbandry
32:55 Hand Cart
33:02 Horse Collar
39:51 Imperial Age
39:15 Chain Barding Armor
39:30 Iron Casting
38:56 Scale Mail Armor
45:38 Pikeman
46:56 Elite Konnik
48:09 Capped Ram
49:24 Siege Ram
Connection lost

Rejoining the realm…

Still unreachable

The connection could not be restored.

Session expired

The server has moved on; the page needs a fresh start.